FUSCCC, neutral female scurrid Tourist ------ --------- ............ ......... -......||..--..-----.. -XD |..||*.| ......| .... .q@J -.. -.--..| ....-- --HX- ... ...|%.. ..... -.- -......- --.-- |.. ...||`..|. ....| |.. ---- .-.-- --.-- |..| ....| ..... |...-- -..| --.-- |...... ...|. ..[.* -...-.-- .-.-- --.-- ...||... ..... ..... -..| ... -..--..-- ... ....*.| .---- FUSCCC the Excursionist Experience level: 8 Strength: 15 Dexterity: 17 Constitution: 14 Intelligence: 12 Wisdom: 9 Charisma: 14 Health: 0(55) Energy: 25(25) Def: 9 Gold: 1498 Moves: 5696 Dungeon seed: l8dQCWYtnpWAqARw Game ID: FUSCCC_1498718620 Your Inventory: Coins $ - 1498 gold pieces Weapons a - 15 uncursed +2 darts (in quiver) Armor e - an uncursed +0 Hawaiian shirt (being worn) q - an uncursed +0 dwarvish iron helm (being worn) r - a blessed +1 dwarvish roundshield (being worn) z - an uncursed +0 dwarvish mithril-coat (being worn) Comestibles b - an uncursed banana c - 2 uncursed food rations d - 3 uncursed fortune cookies H - an uncursed lichen corpse Scrolls w - an uncursed scroll of enchant armor x - an uncursed scroll of remove curse G - 3 uncursed scrolls of blank paper M - a blessed scroll of enchant armor U - a blessed scroll of gold detection Y - an uncursed scroll of light Potions C - a blessed potion of confusion F - an uncursed potion of healing K - a blessed potion of sleeping X - an uncursed potion of hallucination Wands n - an uncursed wand of cold (0:6) J - an uncursed wand of striking (0:4) S - an uncursed wand of striking (0:1) V - an uncursed wand of striking (0:3) Tools j - an uncursed expensive camera (0:93) k - an uncursed credit card m - an uncursed leash B - an uncursed towel Gems p - 7 uncursed rocks s - 2 uncursed amethysts t - an uncursed emerald u - an uncursed worthless piece of yellow glass v - an uncursed chrysoberyl y - an uncursed luckstone N - 2 uncursed rubies Spells and supernatural/magical abilities: Name Level Category Fail Memory H - haste self 3 escape 100% 100% W - pray for help -- divine ? -- Your skills at the end: Miscellaneous Skills wands [Basic] Weapon Skills dart [Expert] Spellcasting Skills Final Attributes: You were fervently aligned. You were telepathic. You had infravision. You were stealthy. You were very lucky. You had extra luck. Bad luck did not time out for you. Good luck did not time out for you. You are dead. Vanquished creatures: a large dog a freezing sphere a dwarf king a human mummy a watchman a leprechaun a dog a dingo 2 dwarf lords a dust vortex a gnome mummy 2 bugbears 7 Uruk-hai 2 rock piercers 7 gnome lords a gnomish wizard a kobold mummy a gray ooze 2 elf zombies a ghoul a paper golem 2 giant ants 3 floating eyes 11 dwarves 2 homunculi a rothe 2 dwarf zombies 6 killer bees 3 hobbits a large kobold 2 geckos a hobgoblin 3 giant rats a brown mold 25 gnomes 7 jackals 3 newts a sewer rat 4 grid bugs 2 lichens a kobold zombie 118 creatures vanquished. Voluntary challenges: You had followed a strict vegan diet until turn 5299. You had followed a strict vegetarian diet until turn 5299. You did not adorn yourself with jewelry or accessories. You did not cause conflict. You were not invisible. You did not have reflection. You were not displaced. You never hit with a wielded weapon. You did not use containers. You did not apply a unicorn horn. You did not use plumbed fixtures. You read items or engraved 12 times, starting on turn 160. You never genocided any monsters. You never polymorphed an object. You never changed form. You used no wishes. You never split a pudding. You never wrote Elbereth's name. You violated your moral code, losing 7 points of alignment, starting on turn 550. Dungeon overview: The Dungeons of Doom: levels 1 to 27 Level 1 a long staircase Level 2 an altar to Blind Io, a fountain Level 3 a sink Level 4 an altar to The Lady stairs to The Gnomish Mines Level 5 Level 6 Level 7 Level 8 Level 9 Level 10 Level 11 Level 12 Level 13 Level 14 an altar to Offler Level 15 Level 16 Level 17 Level 18 Level 19 Level 20 Level 21 Level 22 Level 23 Level 24 Level 25 Level 26 Level 27 <- You were here The Gnomish Mines: levels 5 to 12 Level 5 stairs to The Dungeons of Doom Level 6 Level 7 Level 8 some shops, a temple to Blind Io, a magic chest, some fountains Level 9 Level 10 Level 11 Level 12 a magic chest, a fountain History has recorded: On T:1 you entered the Dungeons of Doom to retrieve the Amulet of Yendor! On T:49 you reached level 2 of The Dungeons of Doom. On T:159 you reached level 3 of The Dungeons of Doom. On T:162 you reached level 4 of The Dungeons of Doom. On T:202 you reached level 1 of The Gnomish Mines. On T:221 you reached level 2 of The Gnomish Mines. On T:252 you advanced to experience level 2. On T:262 you advanced to experience level 3. On T:336 you reached level 3 of The Gnomish Mines. On T:344 you advanced to experience level 4. On T:456 you advanced to experience level 5. On T:589 you reached level 4 of The Gnomish Mines. On T:642 you entered the Minetown temple On T:730 you reached level 5 of The Gnomish Mines. On T:760 you advanced to experience level 6. On T:811 you reached level 6 of The Gnomish Mines. On T:822 you reached level 7 of The Gnomish Mines. On T:826 you reached level 8 of The Gnomish Mines. On T:826 you reached the bottom of the Mines. On T:1111 you prayed to The Lady. On T:1936 you advanced to experience level 7. On T:4102 you prayed to The Lady. On T:5508 you received a spellbook of haste self from The Lady. On T:5546 you reached level 5 of The Dungeons of Doom. On T:5554 you reached level 7 of The Dungeons of Doom. On T:5556 you reached level 8 of The Dungeons of Doom. On T:5559 you reached level 9 of The Dungeons of Doom. On T:5561 you reached level 10 of The Dungeons of Doom. On T:5563 you reached level 11 of The Dungeons of Doom. On T:5565 you reached level 12 of The Dungeons of Doom. On T:5568 you reached level 13 of The Dungeons of Doom. On T:5570 you reached level 14 of The Dungeons of Doom. On T:5572 you reached level 15 of The Dungeons of Doom. On T:5572 you entered the Rogue tribute level. On T:5574 you reached level 16 of The Dungeons of Doom. On T:5577 you reached level 17 of The Dungeons of Doom. On T:5579 you reached level 18 of The Dungeons of Doom. On T:5581 you reached level 19 of The Dungeons of Doom. On T:5583 you reached level 20 of The Dungeons of Doom. On T:5586 you reached level 21 of The Dungeons of Doom. On T:5588 you reached level 22 of The Dungeons of Doom. On T:5590 you reached level 23 of The Dungeons of Doom. On T:5595 you reached level 24 of The Dungeons of Doom. On T:5597 you reached level 25 of The Dungeons of Doom. On T:5601 you reached level 26 of The Dungeons of Doom. On T:5603 you reached level 27 of The Dungeons of Doom. On T:5665 you advanced to experience level 8. Score breakdown: Gold: 1298 ( 129 points) Experience: 8 levels ( 700 points) Exploration: 27 levels ( 780 points) Discoveries: 26 items ( 1300 points) Variety of kills: 41 monsters ( 2000 points) Major goal: reached Mine's End ( 1000 points) Survival: died (score multiplied by 3) Total score: 17727 Latest messages: You start chewing a hole in the rock. You continue digging. You make an opening in the wall. You start chewing a hole in the rock. You continue digging. You make an opening in the wall. $ - 166 gold pieces. The freezing sphere explodes! You duck some of the blast. The ki-rin casts a spell! Monsters suddenly arrive from nowhere! Monsters appear from nowhere! You start digging downward. The leocrotta claws you! The leocrotta bites! The leocrotta misses. The ettin wields a pick-axe! The ettin swings his pick-axe at you. The ettin hits you! The jabberwock bites! (2x) The jabberwock claws you! You die... Final status: Aloha FUSCCC the Tourist, killed by a jabberwock... You died in The Dungeons of Doom on dungeon level 27 with 17727 points, and 1498 pieces of gold, after 5696 moves. You were level 8 with a maximum of 55 hit points when you died.